EL
TRENTON THUNDER @ PORTLAND SEA DOGS
04/16/2024
 
TOP OF THE 1ST
Trenton Thunder batting - Pitching for Portland Sea Dogs : RHP Bryce Elder
Pitching: RHP Bryce Elder
Batting: LHB Floyd Anderson 0-0: Foul Ball, location: 3SF
0-1: Ball
1-1: SINGLE (Groundball, 6M, EV 98.8 MPH) (infield hit)
Batting: RHB Alex Mooney 0-0: Ball
1-0: Bunt - Flyout to P! F1
Batting: RHB Dominic Keegan 0-0: Foul Ball, location: 2F
0-1: Fly out, F5 (Line Drive, 56, EV 61.3 MPH)
Batting: RHB Adrian Martinez 0-0: Ball
1-0: Ball
2-0: Fly out, F7 (Flyball, 78M, EV 81.9 MPH)
Top of the 1st over - 0 runs, 1 hit, 0 errors, 1 left on base; Trenton 0 - Portland 0
BOTTOM OF THE 1ST
Portland Sea Dogs batting - Pitching for Trenton Thunder : RHP Jackson Finley
Pitching: RHP Jackson Finley
Batting: RHB Alonso Flores 0-0: Ball
1-0: Ball
2-0: Ball
3-0: Called Strike
3-1: Base on Balls
Batting: RHB Kevin Bletzer 0-0: Ball
1-0: Called Strike
1-1: Called Strike
1-2: Strikes out swinging
Batting: RHB Ryan Lowell 0-0: Ball
1-0: Called Strike
1-1: Swinging Strike
1-2: Ball
2-2: Foul Ball, location: 23F
2-2: Ball
3-2: Foul Ball, location: 5SF
3-2: Strikes out swinging
Alonso Flores is caught stealing 2nd base 2-4
Batter strikes out.
Bottom of the 1st over - 0 runs, 0 hits, 0 errors, 0 left on base; Trenton 0 - Portland 0
TOP OF THE 2ND
Trenton Thunder batting - Pitching for Portland Sea Dogs : RHP Bryce Elder
Batting: RHB Brayden Thomas 0-0: Foul Ball, location: 2F
0-1: Called Strike
0-2: Strikes out swinging
Batting: LHB Luis Kirk 0-0: Called Strike
0-1: Called Strike
0-2: Ball
1-2: Foul Ball, location: 25F
1-2: Ball
2-2: Foul Ball, location: 3F
2-2: Foul Ball, location: 7LSF
2-2: Ball
3-2: Foul Ball, location: 3F
3-2: Ground out 4-3 (Groundball, 4, EV 110.6 MPH)
Batting: RHB Ernest Miller 0-0: Fly out, F8 (Line Drive, 89M, EV 106.9 MPH)
Top of the 2nd over - 0 runs, 0 hits, 0 errors, 0 left on base; Trenton 0 - Portland 0
BOTTOM OF THE 2ND
Portland Sea Dogs batting - Pitching for Trenton Thunder : RHP Jackson Finley
Batting: LHB Matt Washington 0-0: Fly out, F3 (Popup, 3S, EV 75.0 MPH)
Batting: RHB Bryce Perkins 0-0: Foul Ball, location: 23F
0-1: Ball
1-1: Called Strike
1-2: Ball
2-2: Ball
3-2: Strikes out swinging
Batting: LHB Ryan Morse 0-0: Called Strike
0-1: Ball
1-1: Ball
2-1: SINGLE (Groundball, 4MD, EV 108.1 MPH)
Batting: RHB Anastasio López 0-0: Ball
1-0: Fly out, F7 (Flyball, 7, EV 93.1 MPH)
Bottom of the 2nd over - 0 runs, 1 hit, 0 errors, 1 left on base; Trenton 0 - Portland 0
TOP OF THE 3RD
Trenton Thunder batting - Pitching for Portland Sea Dogs : RHP Bryce Elder
Batting: RHB Joe Mathews 0-0: Ball
1-0: Swinging Strike
1-1: Ball
2-1: Swinging Strike
2-2: Foul Ball, location: 9LSF
2-2: Ground out 6-3 (Groundball, 6M, EV 95.0 MPH)
Batting: RHB Ivan Melendez 0-0: Called Strike
0-1: Ball
1-1: Ball
2-1: Fly out, F8 (Flyball, 8LS, EV 96.9 MPH)
Batting: LHB Floyd Anderson 0-0: Ball
1-0: Ball
2-0: Ball
3-0: Base on Balls
Batting: RHB Alex Mooney 0-0: Called Strike
Floyd Anderson steals 2nd base
0-1: Foul Ball, location: 9LSF
0-2: Strikes out looking
Top of the 3rd over - 0 runs, 0 hits, 0 errors, 1 left on base; Trenton 0 - Portland 0
BOTTOM OF THE 3RD
Portland Sea Dogs batting - Pitching for Trenton Thunder : RHP Jackson Finley
Batting: LHB Hayden Jones 0-0: Foul Ball, location: 2F
0-1: Swinging Strike
0-2: Strikes out swinging
Batting: RHB Mike Martens 0-0: Ball
1-0: Foul Ball, location: 9LDF
1-1: Foul Ball, location: 7LSF
1-2: Ball
2-2: Ground out 6-3 (Groundball, 6, EV 103.8 MPH)
Batting: RHB Alonso Flores 0-0: Ball
1-0: Fly out, F8 (Flyball, 78M, EV 94.4 MPH)
Bottom of the 3rd over - 0 runs, 0 hits, 0 errors, 0 left on base; Trenton 0 - Portland 0
TOP OF THE 4TH
Trenton Thunder batting - Pitching for Portland Sea Dogs : RHP Bryce Elder
Batting: RHB Dominic Keegan 0-0: Ball
1-0: Called Strike
1-1: Swinging Strike
1-2: Strikes out swinging
Batting: RHB Adrian Martinez 0-0: Ball
1-0: Foul Ball, location: 9LSF
1-1: SINGLE (Line Drive, 78S, EV 95.6 MPH)
Batting: RHB Brayden Thomas 0-0: Ball
1-0: Called Strike
1-1: Called Strike
1-2: Ball
2-2: Strikes out swinging
Batting: LHB Luis Kirk 0-0: Ball
1-0: Foul Ball, location: 3F
1-1: Called Strike
1-2: Strikes out swinging
Top of the 4th over - 0 runs, 1 hit, 0 errors, 1 left on base; Trenton 0 - Portland 0
BOTTOM OF THE 4TH
Portland Sea Dogs batting - Pitching for Trenton Thunder : RHP Jackson Finley
Batting: RHB Kevin Bletzer 0-0: Ball
1-0: Called Strike
1-1: Foul Ball, location: 9LMF
1-2: Foul Ball, location: 5F
1-2: Ball
2-2: Ball
3-2: DOUBLE (Flyball, 9LD, EV 108.8 MPH)
Batting: RHB Ryan Lowell 0-0: Foul Ball, location: 5F
0-1: SINGLE (Groundball, 34D, EV 96.3 MPH)
Kevin Bletzer to third
Runner from 3rd tries for Home, SAFE, throw by RF to home
Batting: LHB Matt Washington 0-0: Fly out, F9 (Flyball, 9, EV 87.5 MPH)
Batting: RHB Bryce Perkins 0-0: Foul Ball, location: 5DF
0-1: Ball
1-1: Ball
2-1: Foul Ball, location: 2F
2-2: Foul Ball, location: 9LMF
2-2: Grounds into double play, 4-6-3 (Groundball, 4, EV 88.8 MPH)
Bottom of the 4th over - 1 run, 2 hits, 0 errors, 0 left on base; Trenton 0 - Portland 1
TOP OF THE 5TH
Trenton Thunder batting - Pitching for Portland Sea Dogs : RHP Bryce Elder
Batting: RHB Ernest Miller 0-0: Ball
1-0: Ball
2-0: Foul Ball, location: 9LSF
2-1: Called Strike
2-2: Foul Ball, location: 2F
2-2: Ball
3-2: Strikes out swinging
Batting: RHB Joe Mathews 0-0: Foul Ball, location: 23FF
0-1: Ball
1-1: Ball
2-1: Foul Ball, location: 2F
2-2: DOUBLE (Line Drive, 78XD, EV 102.5 MPH)
Batting: RHB Ivan Melendez 0-0: Called Strike
0-1: Ball
1-1: SINGLE (Line Drive, 89S, EV 100.0 MPH)
Joe Mathews to third
Runner from 3rd tries for Home, SAFE, throw by CF to home
Batting: LHB Floyd Anderson 0-0: Fly out, F6 (Popup, 56D, EV 74.4 MPH)
Batting: RHB Alex Mooney 0-0: SINGLE (Line Drive, 4M, EV 94.4 MPH)
Ivan Melendez to second
Batting: RHB Dominic Keegan 0-0: Foul Ball, location: 2F
0-1: Ball
1-1: Called Strike
1-2: Ball
2-2: Strikes out swinging
Top of the 5th over - 1 run, 3 hits, 0 errors, 2 left on base; Trenton 1 - Portland 1
BOTTOM OF THE 5TH
Portland Sea Dogs batting - Pitching for Trenton Thunder : RHP Jackson Finley
Batting: LHB Ryan Morse 0-0: Called Strike
0-1: SOLO HOME RUN (Flyball, 8LXD, EV 101.3 MPH), Distance : 435 ft
Batting: RHB Anastasio López 0-0: Ball
1-0: Ball
2-0: Ball
3-0: Base on Balls
Batting: LHB Hayden Jones 0-0: Called Strike
0-1: Ball
1-1: Ball
2-1: SINGLE (Line Drive, 6D, EV 106.9 MPH)
Anastasio López to second
Batting: RHB Mike Martens 0-0: Foul Ball, location: 9LSF
0-1: Bunted foul
0-2: Ball
1-2: Foul Ball, location: 9LSF
1-2: Ground out 5-3 (Groundball, 56, EV 81.3 MPH)
Anastasio López to third
Hayden Jones to second
Batting: RHB Alonso Flores 0-0: Called Strike
0-1: Fly out, F7 (Flyball, 7, EV 96.3 MPH)
Runner from 3rd tags up, SCORES, throw by LF
Batting: RHB Kevin Bletzer 0-0: Ball
1-0: Ball
2-0: Swinging Strike
2-1: Ball
3-1: Foul Ball, location: 2F
3-2: Base on Balls
Batting: RHB Ryan Lowell 0-0: Ball
1-0: Foul Ball, location: 2F
1-1: Ball
2-1: SINGLE (Groundball, 34D, EV 101.9 MPH)
Hayden Jones to third
Kevin Bletzer to second
Runner from 3rd tries for Home, SAFE, throw by RF to home
Batting: LHB Matt Washington 0-0: Swinging Strike
0-1: Foul Ball, location: 23F
0-2: Ground out 4-3 (Groundball, 34, EV 86.9 MPH)
Bottom of the 5th over - 3 runs, 3 hits, 0 errors, 2 left on base; Trenton 1 - Portland 4
TOP OF THE 6TH
Trenton Thunder batting - Pitching for Portland Sea Dogs : RHP Bryce Elder
Pitching: RHP Esteban Márquez
Batting: RHB Adrian Martinez 0-0: Foul Ball, location: 9LSFF
0-1: Foul Ball, location: 2F
0-2: Strikes out looking
Batting: RHB Brayden Thomas 0-0: Called Strike
0-1: Ball
1-1: Called Strike
1-2: Ball
2-2: Fly out, F6 (Popup, 6, EV 51.9 MPH)
Batting: LHB Luis Kirk 0-0: Swinging Strike
0-1: Foul Ball, location: 2F
0-2: Ball
1-2: Ball
2-2: Foul Ball, location: 25F
2-2: Foul Ball, location: 23F
2-2: Ball
3-2: Ground out 6-3 (Groundball, 6M, EV 85.6 MPH)
Top of the 6th over - 0 runs, 0 hits, 0 errors, 0 left on base; Trenton 1 - Portland 4
BOTTOM OF THE 6TH
Portland Sea Dogs batting - Pitching for Trenton Thunder : RHP Jackson Finley
Batting: RHB Bryce Perkins 0-0: Ball
1-0: Ball
2-0: Ball
3-0: Called Strike
3-1: Ground out 5-3 (Groundball, 56, EV 89.4 MPH)
Batting: LHB Ryan Morse 0-0: Called Strike
0-1: Foul Ball, location: 2RF
0-2: Ground out 4-3 (Groundball, 4, EV 87.5 MPH)
Batting: RHB Anastasio López 0-0: Ground out 6-3 (Groundball, 6, EV 101.9 MPH)
Bottom of the 6th over - 0 runs, 0 hits, 0 errors, 0 left on base; Trenton 1 - Portland 4
TOP OF THE 7TH
Trenton Thunder batting - Pitching for Portland Sea Dogs : RHP Esteban Márquez
Batting: RHB Ernest Miller 0-0: Foul Ball, location: 2F
0-1: Swinging Strike
0-2: Fly out, F3 (Popup, 34S, EV 68.1 MPH)
Batting: RHB Joe Mathews 0-0: SINGLE (Line Drive, 8RS, EV 91.3 MPH)
Batting: RHB Ivan Melendez 0-0: Ball
Joe Mathews is caught stealing 2nd base 2-4
1-0: Foul Ball, location: 23F
1-1: Ball
2-1: Swinging Strike
2-2: Strikes out swinging
Top of the 7th over - 0 runs, 1 hit, 0 errors, 0 left on base; Trenton 1 - Portland 4
BOTTOM OF THE 7TH
Portland Sea Dogs batting - Pitching for Trenton Thunder : RHP Jackson Finley
Pitching: RHP Mason Lobbestael
Batting: LHB Hayden Jones 0-0: Ball
1-0: Ground out 5-3 (Groundball, 56, EV 103.8 MPH)
Batting: RHB Mike Martens 0-0: Foul Ball, location: 9LDF
0-1: Fly out, F8 (Flyball, 8LM, EV 86.9 MPH)
Batting: RHB Alonso Flores 0-0: Foul Ball, location: 2F
0-1: Ground out 6-3 (Groundball, 6M, EV 95.0 MPH)
Bottom of the 7th over - 0 runs, 0 hits, 0 errors, 0 left on base; Trenton 1 - Portland 4
TOP OF THE 8TH
Trenton Thunder batting - Pitching for Portland Sea Dogs : RHP Esteban Márquez
Batting: LHB Floyd Anderson 0-0: SINGLE (Groundball, 34, EV 100.6 MPH) (infield hit)
Batting: RHB Alex Mooney 0-0: Ball
1-0: Fly out, F8 (Line Drive, 8LD, EV 88.8 MPH)
Batting: RHB Dominic Keegan 0-0: Ball
1-0: Foul Ball, location: 3F
1-1: Fly out, F7 (Flyball, 7, EV 87.5 MPH)
Batting: RHB Adrian Martinez 0-0: Ball
1-0: Called Strike
1-1: Ball
2-1: Ball
3-1: Ground out U3 (Groundball, 3, EV 76.3 MPH)
Top of the 8th over - 0 runs, 1 hit, 0 errors, 1 left on base; Trenton 1 - Portland 4
BOTTOM OF THE 8TH
Portland Sea Dogs batting - Pitching for Trenton Thunder : RHP Mason Lobbestael
Batting: RHB Kevin Bletzer 0-0: Swinging Strike
0-1: Swinging Strike
0-2: Ball
1-2: Foul Ball, location: 9LSF
1-2: Foul Ball, location: 2F
1-2: Ball
2-2: SINGLE (Groundball, 34D, EV 103.1 MPH)
Batting: RHB Ryan Lowell 0-0: Ball
1-0: Ball
2-0: Ball
3-0: Called Strike
3-1: Foul Ball, location: 9LMF
3-2: Fly out, F3 (Popup, 3L, EV 78.8 MPH)
Batting: LHB Matt Washington 0-0: Ball
Kevin Bletzer is caught stealing 2nd base 2-6
1-0: Fly out, F8 (Line Drive, 8LM, EV 85.0 MPH)
Bottom of the 8th over - 0 runs, 1 hit, 0 errors, 0 left on base; Trenton 1 - Portland 4
TOP OF THE 9TH
Trenton Thunder batting - Pitching for Portland Sea Dogs : RHP Esteban Márquez
Pitching: RHP Nick Hanson
Batting: RHB Brayden Thomas 0-0: Ball
1-0: Called Strike
1-1: Ground out 5-3 (Groundball, 56, EV 105.0 MPH)
Batting: LHB Luis Kirk 0-0: SINGLE (Groundball, 6MD, EV 105.6 MPH)
Batting: RHB Ernest Miller 0-0: Called Strike
0-1: Swinging Strike
0-2: Strikes out swinging
Batting: RHB Joe Mathews 0-0: Ball
1-0: Swinging Strike
1-1: SINGLE (Groundball, 4MD, EV 103.8 MPH)
Luis Kirk to second
Batting: RHB Ivan Melendez 0-0: Ball
1-0: Foul Ball, location: 9LMF
1-1: Swinging Strike
1-2: Foul Ball, location: 2F
1-2: Ground out 6-3 (Groundball, 6S, EV 66.3 MPH)
Top of the 9th over - 0 runs, 2 hits, 0 errors, 2 left on base; Trenton 1 - Portland 4
Tuesday, April 23rd , 2024 - OOTP Baseball 24.11 Build 85